 Dungeon Crawl Stone Soup version 0.29.1-13-g9f3cf754e1 (webtiles) character file.

Game seed: 8979275313550366127

23 mopl the Ruffian (level 2, 0/22 HPs)
             Began as a Palentonga Transmuter on Jan 25, 2023.
             Slain by a hobgoblin (4 damage)
             ... on level 2 of the Dungeon.
             The game lasted 00:01:00 (631 turns).

mopl the Ruffian (Palentonga Transmuter)             Turns: 631, Time: 00:01:00

Health: 0/22       AC:  4    Str: 15    XL:     2   Next: 72%
Magic:  5/5        EV:  9    Int: 13    God:
Gold:   20         SH:  0    Dex: 10    Spells: 4/5 levels left

rFire   . . .      SeeInvis +     - Unarmed
rCold   . . .      Faith    .   (no shield)
rNeg    . . .      Spirit   .   a - +0 robe
rPois   .          Reflect  .   (no helmet)
rElec   .          Harm     .   (no cloak)
rCorr   .          Rampage  .   (no gloves)
Will    .....                   (no barding)
Stlth   +.........              (no amulet)
HPRegen 0.07/turn               (no ring)
MPRegen 0.09/turn               (no ring)

@: no status effects
A: large, rugged brown scales 3, see invisible, deformed body, roll 1, armoured
tail
a: Rolling Charge


You were on level 2 of the Dungeon.
You visited 1 branch of the dungeon, and saw 2 of its levels.

You collected 20 gold pieces.

Inventory:

Missiles
 f - 7 poisoned darts
Armour
 a - a +0 robe (worn)
Scrolls
 c - 3 scrolls of identify {unknown}
Potions
 b - a potion of lignification {!q}
 d - 2 potions of mutation {unknown}
 e - a potion of invisibility {unknown}
 g - 3 potions of might {unknown}
 h - a potion of heal wounds {unknown}


   Skills:
 - Level 1.0 Fighting
 - Level 1.5 Dodging
 * Level 3.5 Unarmed Combat
 + Level 2.3 Spellcasting
 + Level 2.3 Transmutations


You had 4 spell levels left.
You knew the following spells:

 Your Spells              Type           Power      Damage    Failure   Level
a - Beastly Appendage     Tmut           14%        N/A       10%         1

Your spell library contained the following spells:

 Spells                   Type           Power      Damage    Failure   Level
 Wereblood                Tmut           7%         N/A       14%         2
 Shock                    Conj/Air       4%         1d3       26%         1
 Spider Form              Tmut/Pois      4%         N/A       41%         3
 Swiftness                Air            1%         N/A       58%         3
 Ice Form                 Ice/Tmut       4%         N/A       83%         4
 Airstrike                Air            0%         2d(1-17)  94%         4


Dungeon Overview and Level Annotations

Branches:
Dungeon (2/15)

Altars:


Innate Abilities, Weirdness & Mutations

You are completely covered in rugged brown scales. (AC +3, +7% HP)
You have supernaturally acute eyesight. (SInv)
Armour fits poorly on your strangely shaped body.
You can roll at nearby foes to attack.
You have a long armoured tail.


Message History

You closely miss the adder.
The adder is moderately wounded.
You feel sick. The adder bites you but does no damage. The hobgoblin hits you.
You completely miss the adder. Your kick misses the adder.
You tail-slap the adder.
The adder is heavily wounded.
The adder bites you. The hobgoblin closely misses you.
You miss the adder. Your kick misses the adder. Your headbutt misses the adder.
The adder is heavily wounded.
You feel sick. The adder barely misses you. The hobgoblin closely misses you.
A frilled lizard comes into view.
The adder bites you.
You are more poisoned.
The adder poisons you!
You miss the adder. You claw the adder.
The adder is heavily wounded.
You feel sick. The adder bites you but does no damage.
The hobgoblin hits you but does no damage.
You hit the adder. Your kick misses the adder.
The adder is severely wounded.
You feel sick. The adder bites you but does no damage.
The hobgoblin closely misses you.
You miss the adder. Your kick misses the adder.
The adder is severely wounded.
You feel sick. The adder closely misses you.
The hobgoblin hits you but does no damage.
You hit the adder.
You kill the adder!
You feel sick.
The hobgoblin hits you but does no damage.
You closely miss the hobgoblin.
You feel sick. The hobgoblin barely misses you.
You barely miss the hobgoblin. You claw the hobgoblin.
The hobgoblin is lightly wounded.
You feel sick.
You are no longer poisoned.
You barely miss the hobgoblin. Your kick misses the hobgoblin.
The hobgoblin is lightly wounded.
Your horns disappear.
Your talons disappear.
The hobgoblin hits you.
You die...

# .# ..
######.
.....
..) #l#
#g# #@#
#†# #.#
#.# #.#
#.# ...
#..


You could see a hobgoblin and a frilled lizard.

Vanquished Creatures
  An adder (D:2)
  An endoplasm (D:1)
  A giant cockroach (D:1)
  2 goblins (D:1)
  3 hobgoblins
  A quokka (D:1)
  2 ball pythons (D:1)
  A bat (D:1)
  A frilled lizard (D:1)
13 creatures vanquished.

Notes
Turn   | Place    | Note
-------+----------+-------------------------------------------
     0 | D:1      | mopl the Palentonga Transmuter began the quest for the Orb.
     0 | D:1      | Reached XP level 1. HP: 16/16 MP: 3/3
   210 | D:1      | Reached XP level 2. HP: 19/22 MP: 3/5
   221 | D:1      | Found a faded altar of an unknown god.
   631 | D:2      | Slain by a hobgoblin

Illustrated notes

Levels and vault maps discovered:
D:1:      lightli_arrival_statuegarden, layout_basic, basic_ecumenical_altar
D:2:      layout_loops_ring, uniq_sigmund

Action                   || total
-------------------------++-------
Melee: Unarmed           ||    33
       Headbutt          ||     3
       Kick              ||     5
       Tailslap          ||     2
 Cast: Beastly Appendage ||    11
 Stab: Sleeping          ||     1
Armor: Robe              ||    12
Dodge: Dodged            ||    18
